 Dungeon Crawl Stone Soup version 0.16-a0-3606-g1520cdc (webtiles) character file.

382 PolkaDot the Cutter (level 6, 0/47 HPs)
             Began as a Vampire Gladiator on Jan 13, 2015.
             Was a Believer of Yredelemnul.
             Slain by a giant frog (2 damage)
             ... in a sewer.
             The game lasted 00:12:13 (2694 turns).

PolkaDot the Cutter (Vampire Gladiator)             Turns: 2694, Time: 00:12:14

Health: 0/47       AC:  6    Str: 14    XL:     6   Next: 47%
Magic:  6/6        EV: 15    Int: 10    God:    Yredelemnul [**....]
Gold:   90         SH:  0    Dex: 16    Spells: 0 memorised, 5 levels left

rFire  + . .     SeeInvis +     a - +0 rapier
rCold  . . .     Clarity  .     n - +0 ring mail {rF+}
rNeg   . . .     SustAb   .     (no shield)
rPois  .         Gourm    .     c - +0 helmet
rElec  .         Spirit   .     (no cloak)
rCorr  +         Warding  .     (no gloves)
rMut   .         Stasis   .     (no boots)
MR     .....                    j - amulet of resist corrosion
Stlth  +.........               (no ring)
                                b - +3 ring of evasion

@: lethally poisoned, regenerating very quickly, not resistant to hostile
enchantments, very unstealthy
A: bottle blood, fangs 3, see invisible, unbreathing
a: Animate Remains, Recall Undead Slaves, Injury Mirror, Renounce Religion


You were in a sewer.
You worshipped Yredelemnul.
Yredelemnul was pleased with you.
You were almost alive.

You visited 1 branch of the dungeon, and saw 6 of its levels.
You also visited: Sewer.

You collected 90 gold pieces.

Inventory:

Hand weapons
 a - a +0 rapier (weapon)
Armour
 c - a +0 helmet (worn)
 e - a +0 cloak
 n - a +0 ring mail of fire resistance (worn)
Jewellery
 b - a +3 ring of evasion (left hand)
 j - an amulet of resist corrosion (around neck)
Scrolls
 f - 3 scrolls of magic mapping
Potions
 d - 3 potions of might {unknown}
 h - 32 potions of blood {@*1}
 i - a potion of magic


   Skills:
 + Level 3.5 Fighting
 * Level 5.9 Short Blades
 - Level 1.5 Throwing
 + Level 2.0 Armour
 - Level 4.0 Dodging


You had 5 spell levels left.
You didn't know any spells.

Dungeon Overview and Level Annotations

Branches:
Dungeon (6/15)             Temple (0/1) D:6

Altars:
Vehumet
Yredelemnul

Shops:
D:6 %

Annotations:
D:3 Robin
D:4 Prince Ribbit; akwyp's ghost, average MfMo


Innate Abilities, Weirdness & Mutations

Your natural rate of healing is extremely fast.
You can bottle blood from corpses.
You have razor-sharp teeth.
You have supernaturally acute eyesight.
You can survive without breathing.


Message History

The giant frog closely misses you.
You feel sick. The adder bites you but does no damage.
The giant frog hits you but does no damage.
The giant frog misses you. The adder barely misses you.
The giant frog closely misses you. The giant frog barely misses you.
Read which item? (? for menu, Esc to quit)
As you read the scroll labeled KAURIA RIXA, it crumbles to dust.
It is a scroll of recharging.
You aren't carrying any rechargeable items.
The giant frog hits you.
* * * LOW HITPOINT WARNING * * *
The giant frog misses you. The adder misses you. The giant frog misses you.
You aren't carrying any items that can be evoked.
Unknown command.
Drink which item? (? for menu, Esc to quit)
It was a potion of magic.
Magic courses through your body. The giant frog closely misses you.
The adder closely misses you. The giant frog hits you.
You die...
Yredelemnul claims you as an undead slave.

#....##..# #.....'..#
##...÷####
#.....#####################+
#......≈≈≈≈≈≈≈≈≈≈≈≈≈≈≈≈≈≈...
##.....≈≈≈≈≈≈≈≈≈≈≈≈≈≈†≈≈.....
#......≈≈≈≈≈≈≈≈≈≈≈≈≈≈≈≈≈....
##.....≈≈≈≈≈≈≈≈F≈≈≈≈≈≈≈.....
##....≈≈≈≈≈≈≈@SS≈≈≈≈≈≈≈...
###..≈≈≈≈≈≈≈≈Fl≈≈≈≈≈≈....
#######################


You could see 2 giant frogs, 2 adders and a giant newt.

Vanquished Creatures
  2 crimson imps (D:5)
  An iguana (D:6)
  Jessica (D:2)
  12 adders
  3 giant mites
  4 river rats (Sewer)
  A worm (D:3)
  5 giant geckos
  3 orcs (D:3)
  10 bats
  6 giant cockroaches
  10 goblins
  7 hobgoblins
  6 kobolds
  11 ball pythons (Sewer)
  8 giant newts
  32 rats
122 creatures vanquished.

Vanquished Creatures (others)
  4 goblins (D:3)
  4 hobgoblins (D:3)
8 creatures vanquished.

Grand Total: 130 creatures vanquished

Notes
Turn   | Place    | Note
--------------------------------------------------------------
     0 | D:1      | PolkaDot, the Vampire Gladiator, began the quest for the Orb.
     0 | D:1      | Reached XP level 1. HP: 16/16 MP: 1/1
   148 | D:1      | Reached XP level 2. HP: 22/22 MP: 2/2
   391 | D:1      | Reached skill level 4 in Short Blades
   493 | D:1      | Reached XP level 3. HP: 23/27 MP: 3/3
   932 | D:2      | Found a basalt altar of Yredelemnul.
   935 | D:2      | Became a worshipper of Yredelemnul the Dark
   968 | D:2      | Noticed Jessica
   978 | D:2      | Killed Jessica
   978 | D:2      | Reached XP level 4. HP: 21/34 MP: 4/4
  1406 | D:2      | Reached skill level 1 in Armour
  1566 | D:3      | Noticed Robin
  1570 | D:3      | You fall through a shaft for 3 floors!
  1570 | D:6      | Found Ihuemn's Food Emporium.
  1575 | D:6      | Reached XP level 5. HP: 40/40 MP: 5/5
  1597 | D:6      | Found a staircase to the Ecumenical Temple.
  1633 | D:6      | Reached skill level 5 in Short Blades
  1653 | D:5      | Entered Level 5 of the Dungeon
  1653 | D:5      | Noticed Prince Ribbit
  1724 | D:4      | Noticed akwyp's ghost (average MfMo)
  1728 | D:4      | Noticed a phantom
  1793 | D:3      | Found a radiant altar of Vehumet.
  1993 | D:3      | Acquired Yredelemnul's first power
  2018 | D:3      | Reached XP level 6. HP: 42/47 MP: 6/6
  2024 | D:3      | Found a glowing drain.
  2029 | Sewer    | Entered a sewer
  2267 | Sewer    | HP: 1/47 [rat (3)]
  2464 | Sewer    | Acquired Yredelemnul's second power
  2693 | Sewer    | HP: 2/47 [giant frog (1)]
  2694 | Sewer    | Slain by a giant frog

Action                   |  1- 3 |  4- 6 || total
-------------------------+-------+-------++-------
Melee: Rapier            |   130 |   348 ||   478
Throw: Throwing net      |       |     3 ||     3
  Use: Potion            |     6 |    18 ||    24
       Scroll            |     1 |     5 ||     6
  Eat: Corpse            |     5 |       ||     5
